 Dungeon Crawl Stone Soup version 0.31.0-11-ge490571c62 (webtiles) character file.

Game seed: 13518705122166158228

10 qw the Shooter (level 2, -1/16 HPs)
             Began as a Deep Elf Hunter on Feb 5, 2024.
             Slain by a kobold
             ... wielding a +0 whip
              (2 damage)
             ... on level 1 of the Dungeon.
             The game lasted 00:00:00 (189 turns).

qw the Shooter (Deep Elf Hunter)                     Turns: 189, Time: 00:00:01

Health: -1/16      AC:  3    Str:  8    XL:     2   Next: 10%
Magic:  4/4        EV: 12    Int: 13    God:
Gold:   26         SH:  0    Dex: 18    Spells: 1/1 levels left

rFire   . . .        a - +0 shortbow
rCold   . . .        (shield currently unavailable)
rNeg    . . .        c - +0 leather armour
rPois   .            (no helmet)
rElec   .            (no cloak)
rCorr   .            (no gloves)
SInv    .            (no boots)
Will    .....        (no amulet)
Stlth   ++           (no ring)
HPRegen 0.22/turn    (no ring)
MPRegen 0.09/turn

%: no passive effects
@: no status effects
A: no striking features
a: no special abilities


You were on level 1 of the Dungeon.
You visited 1 branch of the dungeon, and saw 1 of its levels.

You collected 26 gold pieces.


   Skills:
 - Level 1.5 Fighting
 + Level 6.0 Ranged Weapons
 - Level 2.4 Dodging
 - Level 1.2 Stealth


You had one spell level left.
You didn't know any spells.
Your spell library was empty.

Inventory:

Hand Weapons
 a - a +0 shortbow (weapon)
Armour
 c - a +0 leather armour (worn)
 d - a +0 ring mail
Scrolls
 b - a scroll of butterflies
 g - a scroll of noise {unknown}
Potions
 e - a potion of enlightenment {unknown}
 f - a potion of lignification {unknown}

Dungeon Overview and Level Annotations

Branches:
Dungeon (1/15)

Altars:

Shops:
D:1 (


Message History

You shoot an arrow. The arrow hits the rat.
The rat is heavily wounded.
The rat bites you but does no damage.
A kobold comes into view. It is wielding a +0 whip.
You shoot an arrow. The arrow barely misses the rat.
The kobold shouts!
The rat bites you but does no damage.
You shoot an arrow.
The arrow hits the rat but does no damage.
The rat is heavily wounded.
The rat closely misses you.
You shoot an arrow. The arrow closely misses the rat.
The rat bites you.
You shoot an arrow. The arrow barely misses the rat.
The rat bites you but does no damage.
You shoot an arrow. The arrow hits the rat.
You kill the rat!
You shoot an arrow. The arrow closely misses the kobold.
The kobold hits you but does no damage.
You shoot an arrow. The arrow barely misses the kobold.
The kobold hits you with a +0 whip.
You shoot an arrow. The arrow completely misses the kobold.
The kobold hits you with a +0 whip.
You shoot an arrow. The arrow barely misses the kobold.
The kobold hits you with a +0 whip.
You shoot an arrow. The arrow closely misses the kobold.
The kobold completely misses you.
You shoot an arrow. The arrow barely misses the kobold.
The kobold barely misses you.
You shoot an arrow. The arrow barely misses the kobold.
The kobold hits you with a +0 whip.
You shoot an arrow.
The arrow hits the kobold but does no damage.
The kobold hits you with a +0 whip. The kobold misses you.
You shoot an arrow. The arrow closely misses the kobold.
The kobold barely misses you.
You shoot an arrow. The arrow hits the kobold.
The kobold is severely wounded.
The kobold hits you with a +0 whip.
You die...

...... ..... .. #.#
.?.. #... ... )..
######....###.##
..#................
..................
#.K...............
#@# ##...... #.#
#....... #.##
#......% #..######
#.......
##..)...#####.#.##
##........## #...#
#..........# ##..#
#..>.......####..##
#..................


You could see a kobold.

Vanquished Creatures
  3 ball pythons (D:1)
  A goblin (D:1)
  A hobgoblin (D:1)
  A quokka (D:1)
  2 bats (D:1)
  A frilled lizard (D:1)
  A rat (D:1)
10 creatures vanquished.

Notes
Turn   | Place    | Note
-------+----------+-------------------------------------------
     0 | D:1      | qw the Deep Elf Hunter began the quest for the Orb.
     0 | D:1      | Reached XP level 1. HP: 12/12 MP: 3/3
     0 | D:1      | 0 ||| qw: Version: 0.3-a-160-g6735b56
     0 | D:1      | 0 ||| qw: Game counter: 6131
     0 | D:1      | 0 ||| qw: Melee chars always use a shield: true
     0 | D:1      | 0 ||| qw: God list: Okawaru
     0 | D:1      | 0 ||| qw: Allow faded altars: false
     0 | D:1      | 0 ||| qw: Do Orc after clearing Dungeon:15 true
     0 | D:1      | 0 ||| qw: Do second Lair branch before Depths: true
     0 | D:1      | 0 ||| qw: Lair rune preference: random
     0 | D:1      | 0 ||| qw: Goals: Normal
     0 | D:1      | 0 ||| PLANNING D:1-11
    12 | D:1      | Found Lajomymm's Weapon Boutique.
    22 | D:1      | 22 ||| SHOPLISTING +5 shortbow of the Vendetta {elec,
                  | Int+4} (574 gold, have 0).
   135 | D:1      | Reached skill level 6 in Ranged Weapons
   135 | D:1      | Reached XP level 2. HP: 14/16 MP: 4/4
   186 | D:1      | HP: 3/16 [kobold/+0 whip (3)]
   187 | D:1      | HP: 1/16 [kobold/+0 whip (2)]
   189 | D:1      | Slain by a kobold

Levels and vault maps discovered:
D:1:      saegor_arrival_simple_d, layout_rooms, serial_shops,
          nicolae_shop_bloodbath_and_beyond

Skill      XL: |  1 |
---------------+----+-----
Ranged Weapons | 6 |  6.0
Fighting       | |  1.5
Dodging        | |  2.4
Stealth        | |  1.2

Action                     || total
---------------------------++-------
   Fire: Shortbow          ||    41
 Armour: Leather armour    ||    18
  Dodge: Dodged            ||    16

Table legend:
 A = Non-vault XP
 B = Vault XP
 C = Vault XP percentage of total XP
 D = Non-vault monster count
 E = Vault monster count
 F = Vault count percentage of total count
                 A         B        C        D         E       F
            +---------+---------+-------+---------+---------+-------
      Total |      15 |       0 |   0.0 |      10 |       0 |   0.0
            +---------+---------+-------+---------+---------+-------
        D:1 |      15 |       0 |   0.0 |      10 |       0 |   0.0
            +---------+---------+-------+---------+---------+-------
